 Dungeon Crawl Stone Soup version 0.30-a0-782-ge64f9170bb (webtiles) character file.

Game seed: 17658767732417981649

3 tilp the Shield-Bearer (level 1, -1/19 HPs)
             Began as a Meteoran Fighter on Feb 18, 2023.
             Frozen to death by an endoplasm (5 damage)
             ... on level 1 of the Dungeon.
             The game lasted 00:00:33 (94 turns).

tilp the Shield-Bearer (Meteoran Fighter)             Turns: 94, Time: 00:00:33

Health: -1/19      AC:  6    Str: 17    XL:     1   Next: 71%
Magic:  2/2        EV:  9    Int:  9    God:
Gold:   0          SH:  5    Dex: 13    Spells: 0/0 levels left

rFire   . . .      SeeInvis .    a - +0 long sword
rCold   . . .      Faith    .    c - +0 buckler
rNeg    . . .      Spirit   .    b - +0 scale mail
rPois   .          Reflect  .    (no helmet)
rElec   .          Harm     .    (no cloak)
rCorr   .          Rampage  .    (no gloves)
Will    .....                    (no boots) Stlth
                                 (no amulet)
HPRegen 0.23/turn                (no ring)
MPRegen 0.08/turn                (no ring)

@: glowing
A: sense surroundings 1, otherworldly, glowing, explore regen
a: no special abilities


You were on level 1 of the Dungeon.
You visited 1 branch of the dungeon, and saw 1 of its levels.

Inventory:

Hand Weapons
 a - a +0 long sword (weapon)
Missiles
 e - 5 stones (quivered)
Armour
 b - a +0 scale mail (worn)
 c - a +0 buckler (worn)
Potions
 d - a potion of might


   Skills:
 + Level 3.3 Fighting
 * Level 2.6 Long Blades
 - Level 3.6 Armour
 + Level 0.3 Dodging
 - Level 3.6 Shields


You couldn't memorise any spells.
You didn't know any spells.
Your spell library was empty.

Dungeon Overview and Level Annotations

Branches:
Dungeon (1/15) Zot: 498

Altars:


Innate Abilities, Weirdness & Mutations

You passively map a small area around you.
You are easily found by Zot.
You glow in the dark.
You regain HP and MP as you explore.


Message History

There is a stone staircase leading down here.
The ball python bites you. The ball python closely misses you.
The ball python bites you but does no damage.
The ball python grabs you.
You stop descending the stairs.
The ball python constricts you.
Unknown command.
You block the endoplasm's attack. The ball python barely misses you.
The ball python constricts you.
You hit the ball python.
The ball python is moderately wounded.
The ball python bites you but does no damage.
The ball python constricts you.
The endoplasm hits you but does no damage.
You escape the ball python's grasp.
The endoplasm freezes you.
You are frozen.
The ball python bites you but does no damage.
The ball python grabs you.
You stop descending the stairs.
The ball python constricts you.
You closely miss the ball python.
The ball python is moderately wounded.
You block the ball python's attack. The ball python constricts you.
You block the endoplasm's attack. You block the ball python's attack.
The ball python constricts you. The endoplasm hits you.
The gnoll hits you from afar with a +0 spear.
* * * LOW HITPOINT WARNING * * *
Unknown command.
You closely miss the ball python.
The ball python is moderately wounded.
The ball python bites you but does no damage.
The ball python constricts you. The endoplasm barely misses you.
The gnoll hits you from afar with a +0 spear.
* * * LOW HITPOINT WARNING * * *
You hit the ball python.
You kill the ball python!
The gnoll closely misses you. The endoplasm barely misses you.
Unknown command.
The endoplasm freezes you.
You are frozen.
You die...

#.# , ...#* * *.#.# ,
....### * * #.#.#
......., ###..#.#
.......######...##.# ,
........##....####.####
......................##
.......J...............#
,
.......@†g..............
,
...#############......).
* , , , #...# ,#........
, #.#.# #........ , ,
#.#.# ,, *,#........ , *
#...### , ,#........ ,
#.#... *,#........ *
#<#.# * * ,#.......# *
##'.# #.†##.###


You could see a gnoll and an endoplasm.

Vanquished Creatures
  A hobgoblin (D:1)
  A ball python (D:1)
  A frilled lizard (D:1)
  A rat (D:1)
4 creatures vanquished.

Vanquished Creatures (others)
  7 plants (D:1)
7 creatures vanquished.

Grand Total: 11 creatures vanquished

Notes
Turn   | Place    | Note
-------+----------+-------------------------------------------
     0 | D:1      | tilp the Meteoran Fighter began the quest for the Orb.
     0 | D:1      | Reached XP level 1. HP: 19/19 MP: 2/2
    94 | D:1      | Frozen to death by an endoplasm

Illustrated notes

Levels and vault maps discovered:
D:1:      onia_arrival_mini_maze_b, layout_rooms, nicolae_grassy_gnolls

Action                     || total
---------------------------++-------
  Melee: Long sword        ||    21
 Armour: Scale mail        ||    10
  Dodge: Dodged            ||    15
  Block: Buckler           ||     5

Table legend: (Time is in decaauts)
 A = Elapsed time spent in this place.
 B = Non-inter-level travel time spent in this place.
 C = Inter-level travel time spent in this place.
 D = Time resting spent in this place.
 E = Time spent auto-exploring this place.
 F = Levels seen in this place.
 G = Mean time per level.
                   A        B        C        D        E       F      G
               +--------+--------+--------+--------+--------+-----+--------+
         Total |    100 |    100 |      0 |      0 |      0 |   1 |  100.0 |
       Dungeon |    100 |    100 |      0 |      0 |      0 |   1 |  100.0 |
               +--------+--------+--------+--------+--------+-----+--------+

Top non-repeatable levels by time:
     D:1: 100 daAuts
